 Dungeon Crawl Stone Soup version 0.19.1 (webtiles) character file.

208 Kriby the Chopper (level 5, -2/47 HPs)
             Began as a Minotaur Berserker on Dec 28, 2016.
             Was a Priest of Trog.
             Slain by an ogre
             ... wielding a +0 giant club
              (27 damage)
             ... on level 4 of the Dungeon.
             The game lasted 00:10:28 (2561 turns).

Kriby the Chopper (Minotaur Berserker)              Turns: 2561, Time: 00:10:29

Health: -2/47      AC:  5    Str: 22    XL:     5   Next: 55%
Magic:  4/4        EV: 12    Int:  4    God:    Trog [***...]
Gold:   154        SH:  0    Dex: 10    Spells: 0 memorised, 4 levels left

rFire  . . .     SeeInvis .     a - +0 hand axe
rCold  . . .     Gourm    .     s - +0 leather armour
rNeg   . . .     Faith    +     (no shield)
rPois  .         Spirit   .     (helmet restricted)
rElec  .         Reflect  .     (no cloak)
rCorr  +         Harm     .     (no gloves)
MR     .....                    h - +1 pair of boots
Stlth  +.........               f - amulet of faith
                                m - ring of resist corrosion
                                (no ring)

@: no status effects
A: retaliatory headbutt, horns 2
a: Berserk, Trog's Hand, Burn Spellbooks, Renounce Religion


You were on level 4 of the Dungeon.
You worshipped Trog.
Trog was most pleased with you.
You were not hungry.

You visited 1 branch of the dungeon, and saw 4 of its levels.

You collected 154 gold pieces.

Inventory:

Hand Weapons
 a - a +0 hand axe (weapon)
Armour
 h - a +1 pair of boots (worn)
 s - a +0 leather armour (worn)
Jewellery
 f - an amulet of faith (around neck)
 g - an uncursed amulet of guardian spirit {unknown}
 m - a ring of resist corrosion (right hand)
Scrolls
 d - a scroll of magic mapping {unknown}
 e - 6 scrolls of identify {unknown}
 i - a scroll of fear {unknown}
 j - a scroll of random uselessness {unknown}
 n - a scroll of enchant weapon {unknown}
 q - a scroll of immolation {unknown}
Potions
 k - 3 potions of curing {unknown}
 l - a potion of flight {unknown}
 o - a potion of berserk rage {unknown}
 r - a potion of heal wounds {unknown}
Comestibles
 b - 2 chunks of flesh
 c - 4 bread rations


   Skills:
 + Level 4.7 Fighting
 * Level 5.8 Axes
 + Level 2.0 Throwing
 - Level 3.0 Armour
 - Level 2.6 Dodging


You had 4 spell levels left.
You didn't know any spells.

Dungeon Overview and Level Annotations

Branches:
Dungeon (4/15)
 Temple: D:4-7

Altars:
Dithmenos
Fedhas
Ru
Yredelemnul
The Shining One


Innate Abilities, Weirdness & Mutations

You reflexively headbutt those who attack you in melee.
You have a pair of horns on your head.


Message History

Done exploring.
Done exploring.
(D) Dungeon
Where to? (Enter - D:3, ? - help)
You see here a dagger.
There is a stone staircase leading down here.
You climb downwards.
An ogre comes into view. It is wielding a giant club.
The ogre shouts!
Found a ring mail.
There is a stone staircase leading up here.
You hit the ogre.
The ogre is lightly wounded.
The ogre hits you with a giant club!!
You barely miss the ogre.
You headbutt the ogre, but do no damage.
The ogre is lightly wounded.
The ogre hits you with a giant club!!
Ouch! That really hurt!
You die...

#.# #.# #.#
# #.# #.#.#
#.#.######.
#..O....[..
#@# ###


You could see an ogre.

Vanquished Creatures
  An ice beast (D:3)
  3 gnolls (D:3)
  2 adders (D:3)
  An ooze (D:1)
  2 dart slugs
  2 leopard geckos
  An orc (D:3)
  6 bats
  3 giant cockroaches
  10 goblins
  3 hobgoblins
  7 jackals (D:3)
  6 kobolds
  2 quokkas (D:2)
  2 frilled lizards
  8 rats
  A spectral orc (D:3)
60 creatures vanquished.

Notes
Turn   | Place    | Note
-------+----------+-------------------------------------------
     0 | D:1      | Kriby the Minotaur Berserker began the quest for the Orb.
     0 | D:1      | Reached XP level 1. HP: 19/19 MP: 0/0
   281 | D:1      | Reached XP level 2. HP: 24/27 MP: 1/1
   291 | D:1      | Reached skill level 4 in Axes
   624 | D:1      | Reached XP level 3. HP: 33/33 MP: 2/2
   891 | D:2      | Reached ** piety under Trog
   900 | D:2      | Found a sacrificial altar of Ru.
   902 | D:2      | Found a shadowy altar of Dithmenos.
   902 | D:2      | Found a glowing golden altar of the Shining One.
  1510 | D:3      | Reached skill level 1 in Throwing
  1510 | D:3      | Reached XP level 4. HP: 14/40 MP: 3/3
  1740 | D:3      | Noticed an ice beast
  1750 | D:3      | Killed an ice beast
  1750 | D:3      | Reached skill level 5 in Axes
  1750 | D:3      | Reached XP level 5. HP: 31/47 MP: 4/4
  1905 | D:3      | Reached *** piety under Trog
  2250 | D:3      | Found a blossoming altar of Fedhas.
  2418 | D:3      | Found a basalt altar of Yredelemnul.
  2556 | D:4      | Noticed an ogre
  2561 | D:4      | Slain by an ogre

Skill      XL: |  1  2  3  4  5 |
---------------+----------------+-----
Axes           | 4 5 |  5.8
Armour         | 3 |  3.0
Fighting       | 4 |  4.7
Throwing       | 1 2 |  2.0
Dodging        | |  2.6

Action                   |  1- 3 |  4- 6 || total
-------------------------+-------+-------++-------
Melee: Hand axe          |    74 |    46 ||   120
       Headbutt          |     9 |    11 ||    20
  Eat: Chunk             |     2 |     3 ||     5
Armor: Animal skin       |    16 |    11 ||    27
       Leather armour    |       |     1 ||     1
Dodge: Dodged            |    47 |    33 ||    80
